 Dungeon Crawl Stone Soup version 0.30-b1-2-g02819fbbbe (webtiles) character file.

Game seed: 8083459159159477932

4856 Uniquedivine the Spear-Bearer (level 10, 0/117 HPs)
             Began as a Minotaur Berserker on May 28, 2023.
             Was a High Priest of Trog.
             Slain by a water moccasin (3 damage)
             ... on level 8 of the Dungeon.
             The game lasted 00:42:53 (8086 turns).

Uniquedivine the Spear-Bearer (Minotaur Berserker)  Turns: 8086, Time: 00:42:54

Health: 0/117      AC: 25    Str: 27    XL:     10   Next: 25%
Magic:  0/10       EV:  2    Int:  4    God:    Trog [*****.]
Gold:   335        SH:  0    Dex:  9    Spells: 9/9 levels left

rFire   . . .        a - +1 battleaxe (elec)
rCold   . . .        (shield currently unavailable)
rNeg    . . .        n - melded +1 pearl dragon scales
rPois   +            (helmet currently unavailable)
rElec   .            h - melded +2 cloak
rCorr   +            B - melded +0 pair of gloves
SInv    +            F - melded +0 pair of boots
Will    +....        q - amulet of guardian spirit
Stlth   +            m - ring of resist corrosion
HPRegen 0.39/turn    (no ring)
MPRegen 0.12/turn

%: guardian spirit
@: lethally poisoned (0 -> -16), tree-form, on berserk cooldown, slowed, very
slow
A: stationary, stasis, torment immunity, boosted hp, (horns 2), (retaliatory
headbutt), see invisible, high MP 1, strong-willed 1, screaming 1
a: Renounce Religion, Berserk, Trog's Hand, Brothers in Arms


You were on level 8 of the Dungeon.
You worshipped Trog.
Trog was extremely pleased with you.
You were a tree.
You visited 2 branches of the dungeon, and saw 9 of its levels.

You collected 335 gold pieces.

Inventory:

Hand Weapons
 a - a +1 battleaxe of electrocution (weapon)
 g - a +3 quarterstaff of draining
 p - a +0 war axe
Missiles
 d - 7 javelins (quivered)
 u - 4 poisoned darts
Armour
 h - a +2 cloak (melded)
 l - a scarf of repulsion
 n - +1 pearl dragon scales (melded)
 B - a +0 pair of gloves (melded)
 F - a +0 pair of boots (melded)
 G - a +0 buckler
Jewellery
 m - a ring of resist corrosion (left branch)
 q - an amulet of guardian spirit (around neck)
 s - an amulet of magic regeneration
 D - a +6 ring of intelligence
Wands
 i - a wand of roots (21)
 x - a wand of light (7)
Scrolls
 o - 2 scrolls of fog
 r - a scroll of summoning
 t - a scroll of identify
 y - a scroll of blinking {unknown}
 C - a scroll of fear
 E - a scroll of teleportation
Potions
 b - 6 potions of curing
 c - a potion of degeneration {unknown}
 e - a potion of haste
 f - 4 potions of might
 k - 2 potions of brilliance
 v - a potion of attraction {unknown}
 w - 2 potions of heal wounds
 z - a potion of berserk rage {unknown}
 A - a potion of flight


   Skills:
 - Level 4.0 Fighting
 + Level 11.3(14.2) Axes
 - Level 13.9(15.5) Polearms
 - Level 3.0 Armour
 - Level 2.7 Dodging


You had 9 spell levels left.
You didn't know any spells.
Your spell library contained the following spells:

 Spells                   Type           Power      Damage    Failure   Level
 Cigotuvi's Dreadful Rot  Necr/Pois/Air  0%         N/A       65%         2
 Ignite Poison            Fire/Tmut/Pois 0%         N/A       86%         3
 Freezing Cloud           Conj/Ice/Air   0%         6-21      100%        5


Dungeon Overview and Level Annotations

Branches:
Dungeon (8/15)             Temple (0/1) D:5            Lair (1/5) D:8

Altars:
Fedhas
Trog

Shops:
D:1 !   D:4 =


Innate Abilities, Weirdness & Mutations

You are a tree.
Your roots penetrate the ground, keeping you stationary.
You cannot be teleported.
You are immune to unholy pain and torment.
Your maximum health is greatly increased.
Your equipment is partially melded.
((You have a pair of horns on your head.))
((You reflexively headbutt those who attack you in melee.))
You have supernaturally acute eyesight. (SInv)
You have an increased reservoir of magic. (+10% MP)
You are strong-willed. (Will+)
You occasionally shout uncontrollably at your foes.


Message History

You feel extremely sick.
The black mamba bites you but does no damage.
The water moccasin bites you but does no damage.
The black mamba bites you but does no damage.
You are too berserk!
You barely miss the black mamba.
The black mamba is severely wounded.
You closely miss the water moccasin.
* * * LOW HITPOINT WARNING * * *
You feel very sick. The water moccasin barely misses you.
The black mamba closely misses you.
* * * LOW HITPOINT WARNING * * *
You feel very sick. The black mamba bites you.
* * * LOW HITPOINT WARNING * * *
The water moccasin bites you but does no damage.
You climb upwards.
Welcome back to the Dungeon!
You feel a strong urge to attack something.
You are no longer berserk.
You are exhausted.
You feel yourself slow down.
* * * LOW HITPOINT WARNING * * *
You feel extremely sick.
There is a staircase to the Lair here.
Really quaff the potion of lignification?
Uppercase [Y]es or [N]o only, please.
Really quaff the potion of lignification?
You turn into a tree.
Your +2 cloak melds into your body.
Your +0 pair of gloves melds into your body.
Your +0 pair of boots melds into your body.
Your +1 pearl dragon scales melds into your body.
Your roots penetrate the ground.
* * * LOW HITPOINT WARNING * * *
You feel extremely sick.
The black mamba bites you but does no damage.
The water moccasin bites you!
* * * LOW HITPOINT WARNING * * *
The black mamba bites you but does no damage.
The water moccasin bites you.
You die...

..#.# #.#
#.#....#######
.##.###.#
#.###........)
.<......# #.#
#.########
....#####
####.###.# #
.####
#........# #
.# #.########
# .# ##.# #
.##### #SS# #
.....# #♣##
### .###.# ###
##.# .###.#
##########.#.
.....#######
#.........###
...........#
#.########.#.
...#.#####.#
#.# ##..
..##.# #.#
####)#### ###
.###.# #.#
#.......# #
.....# #.#
#.##.##.# #


You could see a black mamba and a water moccasin.

Vanquished Creatures
  Sigmund (D:5)
  5 yaks (D:8)
  A wyvern (D:7)
  A steam dragon (D:7)
  Grum (D:8)
  Menkaure (D:7)
  Edmund (D:4)
  A water moccasin (D:8)
  An orc warrior (D:7)
  A black bear (D:7)
  3 sky beasts
  2 wolves (D:8)
  An ogre (D:4)
  A centaur (D:7)
  Blork the orc (D:5)
  4 bullfrogs
  3 scorpions (D:5)
  4 wights (D:6)
  5 killer bees (D:7)
  A howler monkey (D:8)
  A jelly (D:5)
  2 hounds
  5 orc priests
  Crazy Yiuf (D:2)
  4 iguanas
  Ijyb (D:5)
  12 orc wizards
  A mummy (D:4)
  Robin (D:2)
  4 adders
  7 gnolls
  A white imp (D:6)
  2 ufetubi (D:6)
  2 worms
  2 dart slugs (D:2)
  34 orcs
  4 ball pythons
  8 endoplasms
  2 giant cockroaches
  16 goblins
  9 hobgoblins
  7 jackals (D:1)
  10 kobolds
  5 quokkas
  6 bats
  6 frilled lizards
  2 hobgoblin zombies (D:4)
  A kobold zombie (D:4)
  An orc zombie (D:4)
  14 rats
210 creatures vanquished.

Vanquished Creatures (collateral kills)
  Pikel (D:5)
  A lemure (D:5)
2 creatures vanquished.

Vanquished Creatures (others)
  10 fungi (D:5)
  5 plants (D:2)
15 creatures vanquished.

Grand Total: 227 creatures vanquished

Notes
Turn   | Place    | Note
-------+----------+-------------------------------------------
     0 | D:1      | Uniquedivine the Minotaur Berserker began the quest for the
                  | Orb.
     0 | D:1      | Reached XP level 1. HP: 19/19 MP: 0/0
   108 | D:1      | Reached XP level 2. HP: 23/27 MP: 1/1
   286 | D:1      | Reached ** piety under Trog
   304 | D:1      | Found Uroin's Distillery.
   389 | D:1      | You fall into a shaft and drop 1 floor!
   408 | D:2      | Reached XP level 3. HP: 33/33 MP: 2/2
   541 | D:2      | Found a runed translucent door.
   542 | D:2      | Noticed Crazy Yiuf
   548 | D:2      | Killed Crazy Yiuf
   656 | D:2      | Noticed Robin
   667 | D:2      | Reached skill level 5 in Axes
   667 | D:2      | Reached XP level 4. HP: 33/40 MP: 3/3
   670 | D:2      | Killed Robin
  1030 | D:2      | Reached XP level 5. HP: 30/46 MP: 4/4
  1223 | D:2      | Reached *** piety under Trog
  1337 | D:2      | Found a faded altar of an unknown god.
  1338 | D:2      | Noticed a floating eye
  1349 | D:2      | Noticed a great orb of eyes
  1352 | D:2      | Noticed a floating eye
  1352 | D:2      | Noticed a great orb of eyes
  2355 | D:3      | Found a bloodstained altar of Trog.
  2595 | D:4      | Reached skill level 1 in Polearms
  2665 | D:4      | Identified the +4 short sword of Fusot {spect, Str+2}
  2881 | D:4      | Identified the staff of conjuration "Mikoowuth" {rC+}
  2905 | D:4      | Gained mutation: You are clumsy. (Dex -2) [potion of
                  | mutation]
  2977 | D:4      | Noticed an ogre
  2984 | D:4      | Killed an ogre
  2985 | D:4      | Reached skill level 3 in Polearms
  2985 | D:4      | Reached XP level 6. HP: 52/52 MP: 5/5
  3080 | D:4      | Reached skill level 4 in Polearms
  3151 | D:4      | Found Rilidae's Jewellery Shoppe.
  3383 | D:4      | Noticed Edmund
  3389 | D:4      | Killed Edmund
  3390 | D:4      | Reached skill level 5 in Polearms
  3472 | D:4      | Lost mutation: You are clumsy. (Dex -2) [potion of
                  | mutation]
  3472 | D:4      | Gained mutation: You are strong-willed. (Will+) [potion of
                  | mutation]
  3472 | D:4      | Gained mutation: You have an increased reservoir of magic.
                  | (+10% MP) [potion of mutation]
  3472 | D:4      | Gained mutation: You occasionally shout uncontrollably at
                  | your foes. [potion of mutation]
  3472 | D:4      | Gained mutation: You have supernaturally acute eyesight.
                  | (SInv) [potion of mutation]
  3714 | D:5      | Entered Level 5 of the Dungeon
  3820 | D:5      | Noticed Blork the orc
  3828 | D:5      | Killed Blork the orc
  3829 | D:5      | Reached skill level 6 in Polearms
  3829 | D:5      | Reached XP level 7. HP: 59/59 MP: 6/6
  3837 | D:5      | Noticed Ijyb
  3850 | D:5      | Killed Ijyb
  4054 | D:5      | Reached **** piety under Trog
  4063 | D:5      | Reached skill level 7 in Polearms
  4249 | D:5      | Noticed Pikel
  4257 | D:5      | Killed Pikel
  4258 | D:5      | Reached skill level 10 in Polearms
  4258 | D:5      | Reached XP level 8. HP: 66/66 MP: 7/7
  4502 | D:5      | Found a staircase to the Ecumenical Temple.
  4633 | D:5      | Noticed Sigmund
  4640 | D:5      | Killed Sigmund
  4641 | D:5      | Reached skill level 11 in Polearms
  5012 | D:6      | Reached skill level 12 in Polearms
  5028 | D:6      | Reached XP level 9. HP: 45/71 MP: 3/8
  5593 | D:6      | Identified the +1 dagger of Toyptick {flame, rN+ Dex+5}
  6105 | D:7      | Reached skill level 13 in Polearms
  6199 | D:7      | Noticed Menkaure
  6203 | D:7      | Killed Menkaure
  7170 | D:8      | Reached ***** piety under Trog
  7174 | D:8      | Reached skill level 10 in Axes
  7174 | D:8      | Reached XP level 10. HP: 67/78 MP: 8/10
  7312 | D:8      | Noticed Grum
  7323 | D:8      | Killed Grum
  7455 | D:8      | Found a blossoming altar of Fedhas.
  7561 | D:8      | Found a staircase to the Lair.
  7589 | D:8      | Found a flagged portal.
  8070 | Lair:1   | Entered Level 1 of the Lair of Beasts
  8070 | Lair:1   | Noticed a black mamba
  8086 | D:8      | HP: 3/117 [water moccasin (4)]
  8086 | D:8      | Slain by a water moccasin

Illustrated notes

Levels and vault maps discovered:
D:1:      eino_arrival_cavern_b, layout_rooms, serial_shops, shop
D:2:      layout_loops_corners, hellmonk_ecumenical_altar_watching_god,
          lexackson_kobold_supper, uniq_crazy_yiuf_cottage, uniq_robin
D:3:      layout_basic, lightli_temple_of_fire, kennysheep_pointless_box
D:4:      layout_loops_corners, serial_shops, nicolae_shop_stone,
          minmay_mini_ossuary, uniq_edmund
D:5:      layout_loops_ring, minmay_temple_entry_slanted, serial_aquarium,
          aquarium_bridge_square [aquarium_subvault_wall,
          aquarium_subvault_bridge, aquarium_subvault_wall,
          aquarium_subvault_wall], aquarium_window_corridor_1,
          aquarium_window_1, aquarium_view_2d, aquarium_pool_four,
          hangedman_abyss_or_decor_slice, uniq_ijyb, uniq_pikel,
          uniq_blork_the_orc, uniq_sigmund
D:6:      layout_layer_cave
D:7:      layout_gridville, hex_medium, uniq_menkaure
D:8:      layout_loops_corners, fedhas_altar_3, lair_entry_dummy,
          lightli_bailey_entry_fortress, uniq_grum
Lair:1:   layout_concentric_octagons, gauntlet_entry_generic,
          serial_bayou_shore_a, uniq_gastronok

Skill      XL: |  1  2  3  4  5  6  7  8  9 10 |
---------------+-------------------------------+-----
Fighting       | 4 |  4.0
Axes           | 4 5 6 10 11 | 11.3
Armour         | 3 |  3.0
Polearms       | 3 6 10 12 13 | 13.9
Dodging        | |  2.7

Action                     |  1- 3 |  4- 6 |  7- 9 | 10-12 || total
---------------------------+-------+-------+-------+-------++-------
  Melee: Hand axe          |    54 |       |       |       ||    54
         Headbutt          |    10 |    15 |    25 |     7 ||    57
         Quarterstaff      |     8 |   122 |   144 |       ||   274
         Battleaxe         |       |       |    32 |    73 ||   105
  Throw: Javelin           |     5 |       |       |       ||     5
 Invoke: Berserk           |     1 |     2 |     2 |     1 ||     6
         Brothers in Arms  |       |       |     1 |       ||     1
    Use: Potion            |     1 |     2 |     3 |     1 ||     7
         Scroll            |       |    12 |     2 |       ||    14
 Armour: Animal skin       |     4 |       |       |       ||     4
         Ring mail         |     9 |    15 |       |       ||    24
         Pearl dragon scal |       |    15 |    90 |    37 ||   142
         Skin              |       |       |       |     2 ||     2
  Dodge: Dodged            |    37 |    70 |    96 |    32 ||   235
